 Dungeon Crawl Stone Soup version 0.28-a0-1594-ga885d4b3d6 (webtiles) character file.

Game seed: 1214996641564439253

2247 fragbeetle the Skirmisher (level 9, -3/74 HPs)
             Began as a Ghoul Gladiator on Jan 20, 2022.
             Slain by an orc warrior (5 damage)
             ... on level 7 of the Dungeon.
             The game lasted 00:17:18 (7374 turns).

fragbeetle the Skirmisher (Ghoul Gladiator)         Turns: 7374, Time: 00:17:18

Health: -3/74      AC:  8    Str: 18    XL:     9   Next: 37%
Magic:  8/8        EV: 12    Int:  7    God:
Gold:   343        SH:  0    Dex: 10    Spells: 6/8 levels left

rFire   . . .      SeeInvis .   a - +0 flail (protect)
rCold   + + .      Faith    .   (no shield)
rNeg    + + +      Spirit   .   x - +1 ring mail {rC+}
rPois   ∞          Reflect  .   k - +0 helmet
rElec   .          Harm     .   (no cloak)
rCorr   .          Rampage  .   (no gloves)
Will    .....                   (no boots)
Stlth   ..........              (no amulet)
HPRegen 0.00/turn               (no ring)
MPRegen 0.11/turn               (no ring)

@: silenced, weak-willed, inhibited regen
A: claws 1, cold resistance 1, negative energy resistance 3, inhibited
regeneration, torment resistance 2
a: no special abilities


You were on level 7 of the Dungeon.
You visited 1 branch of the dungeon, and saw 7 of its levels.
You also visited: Sewer.

You collected 343 gold pieces.

Inventory:

Hand Weapons
 a - a +0 flail of protection (weapon)
 b - a +0 hunting sling
 i - a +2 dagger of draining
 j - a +1 dagger of distortion
 s - a +0 flail of draining
Missiles
 c - 2 throwing nets (quivered)
 d - 14 sling bullets
 g - 188 stones
 v - 2 poisoned darts
 H - 29 bolts
Armour
 k - a +0 helmet (worn)
 q - a +0 leather armour
 x - a +1 ring mail of cold resistance (worn)
 y - a +0 cloak
 I - a +0 kite shield
Magical Staves
 E - a staff of earth
Jewellery
 n - an amulet of magic regeneration
 o - an amulet of reflection
Wands
 J - a wand of polymorph (10)
Scrolls
 e - 8 scrolls of identify {unknown}
 f - 2 scrolls of magic mapping
 w - a scroll of vulnerability
 B - a scroll of teleportation {unknown}
 C - a scroll of noise {unknown}
 G - a scroll of summoning {unknown}
Potions
 h - 2 potions of curing {unknown}
 l - a potion of berserk rage {unknown}
 m - a potion of brilliance {unknown}
 r - 4 potions of heal wounds {unknown}
 u - 2 potions of lignification
 z - 2 potions of attraction {unknown}
 A - a potion of mutation {unknown}
 D - a potion of invisibility {unknown}
 F - 2 potions of flight {unknown}


   Skills:
 + Level 5.5 Fighting
 * Level 4.9 Maces & Flails
 + Level 4.5 Throwing
 + Level 4.0 Armour
 + Level 5.0 Dodging
 - Level 4.7 Unarmed Combat
 + Level 3.8 Translocations


You had 6 spell levels left.
You knew the following spells:

 Your Spells              Type           Power      Damage    Failure   Level
a - Blink                 Tloc           10%        N/A       26%         2

Your spell library contained the following spells:

 Spells                   Type           Power      Damage    Failure   Level
 Lesser Beckoning         Tloc           5%         N/A       45%         3
 Inner Flame              Hex/Fire       0%         N/A       94%         3
 Manifold Assault         Tloc           5%         N/A       99%         5
 Cause Fear               Hex            0%         N/A       100%        4
 Discord                  Hex            0%         N/A       100%        8


Dungeon Overview and Level Annotations

Branches:
Dungeon (7/15)             Temple (0/1) D:7           Sewer (visited)

Altars:
Hepliaklqana
Trog

Shops:
D:6 =

Annotations:
D:3 2 transporters, buddhastalin's ghost, amateur GnGl
D:6 1 runed translucent door, Crazy Yiuf


Innate Abilities, Weirdness & Mutations

You thrive by killing the living.
You are immune to poison.
You have sharp fingernails.
Your flesh is cold resistant. (rC+)
You are immune to negative energy. (rN+++)
You do not regenerate when monsters are visible.
You are immune to unholy pain and torment.


Message History

The orc priest misses you.
You closely miss the orc priest.
The orc priest is heavily wounded.
The orc warrior hits you with a +0 dire flail!
The orc hits you but does no damage. The orc priest hits you with a +0 club.
The orc warrior hits you with a +0 dire flail.
The orc hits you but does no damage.
You thump the orc!
You kill the orc!
The orc priest hits you but does no damage.
The orc warrior barely misses you. The orc priest closely misses you.
The orc priest hits you but does no damage.
You see here a +0 club.
You barely miss the orc warrior.
Found a stone staircase leading down.
The orc priest mumbles some strange prayers to Beogh against you.
Beogh smites you!
* * * LOW HITPOINT WARNING * * *
Okay, then.
As you read the scroll labelled XUVELAQAIW, it crumbles to dust.
You feel aware of your surroundings.
It was a scroll of magic mapping.
The orc warrior hits you with a +0 dire flail!
* * * LOW HITPOINT WARNING * * *
As you read the scroll labelled APSOIC WUTEDO, it crumbles to dust.
Magic quickly surges around you.
It was a scroll of vulnerability.
The orc warrior closely misses you.
As you read the scroll labelled HIEVVU MYSOC, it crumbles to dust.
The scroll dissolves into smoke.
It was a scroll of fog.
The orc warrior closely misses you.
As you read the scroll labelled HUATTEMUIPN, it crumbles to dust.
A profound silence engulfs you.
It was a scroll of silence.
The orc warrior closely misses you.
Okay, then.
Unknown command.
Okay, then.
Magic scrolls do not work when you're silenced!
Unknown command.
It was a potion of lignification.
You feel woody for a moment.
The orc warrior hits you with a +0 dire flail.
You die...

,*...,,,..,,*,,,**,*,,,*,*
.##.#**..,,**,,***,,,,,,,********
..#.###.,,,**,,***,,,,,,,*,,,,,,,
..#....,,,,,,,,,+*,*,,,*,*,,,,,,,
..#...,,,,,,,,,,**,,,,,,,*,,,,,,,
..#..,,,,,,,,,,,**,,,,,,,*,,,,,,,
..#'###+####*,,###,*,,,*,*,,,,,,,
#..........##+##§#,,,,,,,********
#..........#...#@#,,,,,,,*,,,,,,,
'..........#...#o#,*,,,*,*,,,,,,,
#..........#...#o#,,,,,,,*,,,,,,,
##+##......)...#.#,,,>,,,*,,,,,**
,,,,#.....)##'##.#####****,,,,,**
,,,,#................#****,,,,,,,
,,,,#.......)........#,,,,,,,,,,,
,,,,#................+,,,,,,,,,,,
**,,#................#****,,**+**


You could see an orc warrior (weak-willed) and an orc priest (weak-willed).

Vanquished Creatures
  Eustachio (D:5)
  Menkaure (D:5)
  3 ice beasts
  2 necrophages
  2 black bears
  2 ogres
  A centaur (D:6)
  4 phantoms
  3 bullfrogs
  2 centaur zombies
  A jelly (D:6)
  A hound (D:6)
  2 bullfrog skeletons
  3 iguanas
  4 orc wizards
  A hound skeleton (D:4)
  A howler monkey skeleton (D:7)
  10 adders
  A white imp (D:5)
  An adder skeleton (D:4)
  2 worms
  2 dart slugs
  18 orcs
  16 endoplasms
  9 giant cockroaches
  11 goblins
  2 hobgoblins (D:1)
  6 jackals
  6 kobolds
  12 quokkas
  15 ball pythons
  6 bats
  7 frilled lizards
  4 rats
162 creatures vanquished.

Notes
Turn   | Place    | Note
-------+----------+-------------------------------------------
     0 | D:1      | fragbeetle the Ghoul Gladiator began the quest for the Orb.
     0 | D:1      | Reached XP level 1. HP: 17/17 MP: 0/0
   221 | D:1      | Reached XP level 2. HP: 25/25 MP: 1/1
   298 | D:1      | Found a faded altar of an unknown god.
   957 | D:2      | Reached XP level 3. HP: 30/30 MP: 2/2
  1203 | D:2      | Reached skill level 1 in Armour
  1254 | D:2      | Learned a level 2 spell: Blink
  1276 | D:2      | Reached XP level 4. HP: 19/37 MP: 3/3
  2161 | D:3      | Noticed a black bear
  2302 | D:3      | Reached XP level 5. HP: 45/45 MP: 4/4
  2465 | D:3      | Killed a black bear
  2466 | D:3      | Reached skill level 1 in Translocations
  2685 | D:3      | Found a bloodstained altar of Trog.
  2685 | D:3      | Found a hazy altar of Hepliaklqana.
  2685 | D:3      | Found a transporter.
  2687 | D:3      | Found a transporter.
  2687 | D:3      | Noticed an ogre
  2687 | D:3      | Noticed buddhastalin's ghost (amateur GnGl)
  2690 | D:3      | Noticed an ogre
  2894 | D:4      | Reached XP level 6. HP: 31/51 MP: 5/5
  3764 | D:5      | Entered Level 5 of the Dungeon
  3872 | D:5      | Noticed an ice beast
  3909 | D:4      | Killed an ice beast
  3910 | D:4      | Reached skill level 1 in Maces & Flails
  3980 | D:5      | Noticed Menkaure
  3993 | D:4      | Reached XP level 7. HP: 37/58 MP: 6/6
  4202 | D:5      | Noticed Eustachio
  4431 | D:5      | Killed Menkaure
  4805 | D:5      | Reached XP level 8. HP: 66/66 MP: 7/7
  5042 | D:5      | Killed Eustachio
  5815 | D:6      | Found a glowing drain.
  5886 | Sewer    | Entered a sewer
  6327 | Sewer    | Reached skill level 5 in Fighting
  6597 | D:6      | Reached XP level 9. HP: 74/74 MP: 8/8
  6647 | D:6      | Found Georph's Jewellery Boutique.
  7047 | D:6      | Reached skill level 5 in Dodging
  7131 | D:6      | Found a runed translucent door.
  7132 | D:6      | Noticed Crazy Yiuf
  7236 | D:7      | Noticed a cyclops
  7370 | D:7      | HP: 2/74 [orc warrior (15)]
  7374 | D:7      | Slain by an orc warrior

Illustrated notes

Levels and vault maps discovered:
D:1:      eino_arrival_cavern_a, layout_basic,
          hellmonk_ecumenical_altar_dog_temple
D:2:      layout_loops_ring, kennysheep_another_room, st_stairs_2
D:3:      layout_rooms, mainiacjoe_overflow_large_starburst,
          gammafunk_ghost_smash
D:4:      layout_basic
D:5:      layout_cave_pools, uniq_menkaure, uniq_eustachio
D:6:      layout_gridville, serial_shops, shop, portal_sewer_entry_f,
          uniq_crazy_yiuf_cottage
D:7:      layout_gridville, temple_hall

Skill      XL: |  1  2  3  4  5  6  7  8  9 |
---------------+----------------------------+-----
Throwing       | 2 3 4 |  4.5
Dodging        | 3 4 5 |  5.0
Armour         | 1 2 3 4 |  4.0
Unarmed Combat | 4 |  4.7
Fighting       | 3 4 5 |  5.5
Translocations | 1 2 3 |  3.8
Maces & Flails | 1 2 4 |  4.9

Action                   |  1- 3 |  4- 6 |  7- 9 || total
-------------------------+-------+-------+-------++-------
Melee: Unarmed           |   118 |   134 |       ||   252
       Punch             |     1 |     6 |    12 ||    19
       Flail             |       |    60 |   410 ||   470
 Fire: Hunting sling     |       |       |    22 ||    22
Throw: Stone             |     1 |       |       ||     1
       Throwing net      |     1 |       |       ||     1
       Dart              |       |       |     6 ||     6
  Use: Scroll            |       |       |     4 ||     4
       Potion            |       |       |     1 ||     1
Armor: Leather armour    |    17 |    48 |       ||    65
       Ring mail         |       |    18 |   292 ||   310
Dodge: Dodged            |    81 |   110 |   391 ||   582

Table legend: (Time is in decaauts)
 A = Elapsed time spent in this place.
 B = Non-inter-level travel time spent in this place.
 C = Inter-level travel time spent in this place.
 D = Time resting spent in this place.
 E = Time spent auto-exploring this place.
 F = Levels seen in this place.
 G = Mean time per level.
                   A        B        C        D        E       F      G
               +--------+--------+--------+--------+--------+-----+--------+
         Total |   7555 |   7243 |    312 |   1966 |   3146 |   8 |  944.4 |
       Dungeon |   6806 |   6494 |    312 |   1743 |   3146 |   7 |  972.3 |
         Sewer |    749 |    749 |      0 |    223 |      0 |   1 |  749.0 |
               +--------+--------+--------+--------+--------+-----+--------+

Top non-repeatable levels by time:
     D:4: 1591 daAuts
     D:2: 1139 daAuts
     D:5: 1137 daAuts
     D:6: 1074 daAuts
     D:1: 947 daAuts
     D:3: 760 daAuts
   Sewer: 749 daAuts
     D:7: 157 daAuts
